 Seeded DCSS version 0.30-a0-937-ga0a21ad780 (webtiles) character file.

Game seed: 14888120050964983059 (custom seed)

101122 Pimp the Blocker (level 16, -5/119 HPs)
             Began as a Formicid Venom Mage on Mar 24, 2023.
             Was the Champion of Cheibriados.
             Slain by a slime creature (14 damage)
             ... on level 1 of the Pits of Slime.
             The game lasted 01:11:19 (20243 turns).

Pimp the Blocker (Formicid Venom Mage)             Turns: 20243, Time: 01:11:19

Health: -5/119     AC: 25    Str: 39    XL:     16   Next: 81%
Magic:  31/31      EV: 13    Int: 40    God:    Cheibriados [******]
Gold:   2512       SH: 34    Dex: 29    Spells: 26/37 levels left

rFire   . . .      SeeInvis +    r - +12 pair of quick blades "Gyre" and "Gimble" {protect}
rCold   . . .      Faith    .    s - +18 shield of the Gong {Loud rN+ Will+ rCorr EV-5}
rNeg    + . .      Spirit   .    P - +8 orange crystal plate armour {Archmagi, Int+3 Clar}
rPois   .          Reflect  .    (helmet unavailable)
rElec   .          Rampage  .    O - +2 cloak {Stlth+}
rCorr   +          Archmagi +    e - +0 pair of gloves
Will    ++...      Clarity  +    d - +2 pair of boots of the Furies {Str+4} Stlth
                                 i - amulet of magic regeneration
HPRegen 0.39/turn                k - +6 ring of strength
MPRegen 0.62/turn                Y - +5 ring of evasion

@: corroded, under a protective aura, invisible, very slow
A: permanent stasis, dig shafts and tunnels, antennae 3, four strong arms
a: Dig, Shaft Self, Renounce Religion, Bend Time, Temporal Distortion, Slouch,
Step From Time


You were on level 1 of the Pits of Slime.
You worshipped Cheibriados.
Cheibriados was exalted by your worship.
You visited 6 branches of the dungeon, and saw 25 of its levels.
You also visited: Gauntlet.

You collected 3585 gold pieces.
You spent 1073 gold pieces at shops.

Inventory:

Hand Weapons
 r - the +12 pair of quick blades "Gyre" and "Gimble" (weapon) {protect}
   (You acquired it on level 3 of the Dungeon)
 R - a +2 antimagic halberd
 X - the +6 war axe of Tounad {drain, rC+ rN+}
   (You found it on level 11 of the Dungeon)

   rC:        It protects you from cold.
   rN:        It protects you from negative energy.
Armour
 d - the +2 pair of boots of the Furies (worn) {Str+4}
   (You acquired it on level 3 of the Lair of Beasts)

   Str:       It affects your strength (+4).
 e - a +0 pair of gloves (worn)
 g - the +2 pair of slick slippers {slick, slippery, EV+5}
   (You bought it in a shop on level 1 of the Orcish Mines)

   Slick:     Its wearer cannot be constricted, engulfed, netted or webbed.
   Slippery:  It slips away from damaging melee attacks, pulling the attacker
   onward.
   EV:        It affects your evasion (+5).
 s - the +18 shield of the Gong (worn) {Loud rN+ Will+ rCorr EV-5}
   (You acquired it on level 3 of the Dungeon)

   Loud:      It is deafeningly noisy when blocking attacks.
   EV:        It affects your evasion (-5).
   rN:        It protects you from negative energy.
   rCorr:     It protects you from acid and corrosion.
   Will:      It increases your willpower.
 O - a +2 cloak of stealth (worn)
 P - the +8 orange crystal plate armour (worn) {Archmagi, Int+3 Clar}
   (You acquired it on level 8 of the Dungeon)

   Int:       It affects your intelligence (+3).
   Clar:      It protects you against confusion.
Jewellery
 a - a +6 ring of dexterity
 c - a +6 ring of dexterity
 i - an amulet of magic regeneration (around neck)
 k - a +6 ring of strength (left hand)
 o - a ring of ice
 w - a ring of poison resistance
 B - a +6 ring of intelligence
 J - a ring of protection from fire
 V - a +5 ring of evasion
 Y - a +5 ring of evasion (right hand)
Wands
 v - a wand of digging (10)
 G - a wand of roots (16)
 K - a wand of quicksilver (11) (quivered)
 L - a wand of charming (14)
 W - a wand of flame (26)
 Z - a wand of mindburst (10)
Scrolls
 h - 3 scrolls of fog
 l - 7 scrolls of magic mapping
 m - 5 scrolls of fear
 p - 7 scrolls of identify
 q - a scroll of brand weapon
 t - 2 scrolls of immolation
 x - 7 scrolls of enchant armour
 z - 3 scrolls of poison
 D - 5 scrolls of enchant weapon
 M - 3 scrolls of amnesia
Potions
 b - 3 potions of magic
 f - 2 potions of cancellation {unknown}
 n - 9 potions of curing
 y - a potion of mutation {unknown}
 C - 4 potions of haste
 E - 4 potions of flight {unknown}
 F - 2 potions of brilliance
 I - 2 potions of might {unknown}
 Q - a potion of resistance {unknown}
 S - 3 potions of lignification {unknown}
 U - a potion of berserk rage {unknown}


   Skills:
 + Level 8.9 Fighting
 - Level 6.4 Short Blades
 * Level 11.7 Armour
 * Level 7.7 Dodging
 - Level 3.0 Stealth
 * Level 14.8 Shields
 - Level 4.6 Unarmed Combat
 * Level 11.0 Spellcasting
 + Level 3.9 Conjurations
 * Level 10.0 Transmutations
 * Level 9.3 Fire Magic
 * Level 14.3 Poison Magic


You had 26 spell levels left.
You knew the following spells:

 Your Spells              Type           Power      Damage    Failure   Level
a - Sting                 Tmut/Pois      100%       1d8       1%          1
b - Mephitic Cloud        Conj/Pois/Air  82%        N/A       7%          3
c - Olgreb's Toxic Radia  Pois           100%       N/A       1%          4
d - Ignite Poison         Fire/Tmut/Pois 100%       N/A       1%          3

Your spell library contained the following spells:

 Spells                   Type           Power      Damage    Failure   Level
 Beastly Appendage        Tmut           100%       N/A       1%          1
 Wereblood                Tmut           100%       N/A       1%          2
 Spider Form              Tmut/Pois      100%       N/A       1%          3
 Poisonous Vapours        Pois/Air       100%       N/A       2%          2
 Magic Dart               Conj           100%       1d8       5%          1
 Cigotuvi's Dreadful Rot  Necr/Pois/Air  100%       N/A       6%          2
 Kiss of Death            Conj/Necr      100%       2d13      12%         1
 Kindle Blastsparks       Fire/Tloc/Air  100%       2d18      22%         3
 Stone Arrow              Conj/Erth      100%       3d13      34%         3
 Call Imp                 Summ           33%        N/A       38%         2
 Sublimation of Blood     Necr           33%        N/A       38%         2
 Confusing Touch          Hex            33%        N/A       63%         3
 Fulminant Prism          Conj/Hex       27%        3d13      75%         4
 Iskenderun's Mystic Bla  Conj/Tloc      54%        2d12      75%         4
 Animate Armour           Summ/Erth      66%        N/A       95%         4
 Dispel Undead            Necr           33%        3d14      95%         4
 Freezing Cloud           Conj/Ice/Air   24%        6-21      99%         5
 Lee's Rapid Deconstruct  Erth           16%        3d10*     100%        5
 Summon Hydra             Summ           16%        N/A       100%        7
 Lehudib's Crystal Spear  Conj/Erth      27%        10d7      100%        8


Dungeon Overview and Level Annotations

Branches:
Dungeon (15/15)            Temple (1/1) D:6            Lair (5/5) D:10
  Swamp (0/4) Lair:2       Spider (0/4) Lair:2        Slime (1/5) Lair:5
    Orc (2/2) D:9             Elf (1/3) Orc:2        Vaults (0/5) D:13
Gauntlet (visited)
 Depths: D:15

Altars:
Ashenzari
Cheibriados
Dithmenos
Elyvilon
Fedhas
Gozag
Hepliaklqana
Kikubaaqudgha
Makhleb
Nemelex Xobeh
Okawaru
Qazlal
Ru
Sif Muna
Trog
Uskayaw
Vehumet
Wu Jian
Xom
Yredelemnul
Zin
The Shining One
Lugonu

Shops:
D:1 :   D:3 =   D:6 (   D:7 *   D:9 *   Orc:1 [   Orc:2 *?(

Portals:
Abyss: Lair:5
Trove: D:11 (give 6 scrolls of fear)


Innate Abilities, Weirdness & Mutations

You cannot be hasted, slowed, berserked, paralysed or teleported.
You can dig through walls and to a lower floor.
You have a pair of large antennae on your head. (SInv)
Your four strong arms can wield two-handed weapons with a shield.


Message History

The slime creature quivers. x4
The acid blob hits you but does no damage.
You block the slime creature's attack.
PANG!
The slime creature barely misses you. You block the slime creature's attack.
GONNNNG!
The slime creature hits you!
* * * LOW HITPOINT WARNING * * *
The slime creature hits you but does no damage.
The slime creature quivers.
You hit the slime creature but do no damage.
You hit the slime creature.
The slime creature quivers. x2
The acid blob spits acid at you. The splash of acid hits you! You resist.
* * * LOW HITPOINT WARNING * * *
You block the slime creature's attack.
BOUMMMMG!
You block the slime creature's attack.
BONNNG!
You feel better.
The slime creature quivers. x4
You block the slime creature's attack.
GONNNNG!
You block the slime creature's attack.
GONNNNG!
You block the acid blob's attack.
GONNNNG!
You block the slime creature's attack.
PTOANNNG!
The slime creature hits you!
* * * LOW HITPOINT WARNING * * *
You block the slime creature's attack.
PANG!
The slime creature quivers.
You fail to use your ability.
The slime creature quivers. x3
The acid blob spits acid at you. The splash of acid misses you.
The slime creature hits you!
You die...

..... ......
#.....#
......##
.......#
#...J###
##..JJJ#
#.JJJ@# #..
#.#.JJ## ....
#...JJ# #...#
###...## #....
#......#
.....###....##
.#....#....##
#..........##
##.......#.#


You could see an acid blob and 10 slime creatures.

Vanquished Creatures
  Gastronok (D:8)
  The ghost of Fagh the Fighter, a journeyman DsCK of Xom (Lair:4)
  Azrael (Elf:1)
  A minotaur (Gauntlet)
  An entropy weaver (shapeshifter) (Elf:1)
  5 vault guards
  9 hydras
  2 ogre magi (Orc:2)
  5 centaur warriors
  4 boulder beetles
  A catoblepas (D:14)
  2 dancing weapons (Elf:1)
  11 two-headed ogres
  3 thrashing horrors (Lair:5)
  2 tengu warriors (D:14)
  A fire crab (Gauntlet)
  A deep elf knight (Elf:1)
  A skyshark (Lair:4)
  3 skeletal warriors (D:13)
  Lodul (D:14)
  2 deep elf archers (Elf:1)
  2 deep trolls (Orc:2)
  A flayed ghost (D:10)
  Pikel (D:5)
  9 ugly things
  A lindwurm (Lair:3)
  9 deep elf zephyrmancers (Elf:1)
  12 deep elf pyromancers
  An oklob plant (Lair:2)
  An orc sorcerer (Orc:1)
  4 cyclopes
  3 manticores
  A moth of wrath (Gauntlet)
  A worldbinder (Gauntlet)
  6 elephants (Lair:4)
  2 black mambas
  2 smoke demons (Lair:5)
  2 gargoyles (D:12)
  5 cane toads
  An unseen horror (D:12)
  4 rime drakes (D:14)
  13 komodo dragons
  A tengu conjurer (D:13)
  3 ancient zymes (Lair:5)
  9 trolls
  3 hornets
  3 meliai
  4 polar bears
  17 blink frogs
  14 dream sheep (Lair:5)
  A jumping spider (shapeshifter) (Lair:5)
  18 slime creatures
  An air elemental (Elf:1)
  A spriggan (Lair:5)
  A vampire (D:11)
  9 wraiths
  14 yaks
  A yak (shapeshifter) (D:14)
  3 shadows (D:10)
  A ynoxinul (Lair:5)
  2 large abominations (Lair:5)
  2 fire elementals (Elf:1)
  8 basilisks
  12 wyverns
  3 vampire mosquitoes (D:11)
  7 humans (D:13)
  5 fire bats (Gauntlet)
  3 redbacks (Gauntlet)
  3 steam dragons
  4 chaos spawn (Lair:5)
  Menkaure (D:7)
  5 wargs
  4 acid dragons
  12 water moccasins
  6 hell hounds
  3 black bears
  4 ice beasts
  7 orc warriors
  A sky beast (D:7)
  An ogre (shapeshifter) (D:13)
  12 small abominations (Lair:5)
  29 ogres
  7 wolves
  A boggart (Gauntlet)
  12 centaurs
  2 phantoms (D:4)
  2 kobold brigands
  Blork the orc (D:5)
  10 bullfrogs
  3 scorpions
  5 wights (D:9)
  An electric eel (Lair:1)
  3 howler monkeys (D:9)
  9 jellies
  4 hounds
  9 orc priests
  2 sleepcaps (D:5)
  2 gnoll boudas
  Crazy Yiuf (D:7)
  4 iguanas
  12 orc wizards
  4 hell rats (D:14)
  14 gnolls
  5 adders
  2 shadow imps
  3 white imps (D:4)
  2 ufetubi (D:4)
  A worm (D:3)
  7 dart slugs
  32 orcs
  14 bats
  5 endoplasms
  6 giant cockroaches
  7 goblins
  4 hobgoblins
  4 jackals
  16 kobolds
  4 quokkas
  7 ball pythons
  3 frilled lizards
  4 rats
611 creatures vanquished.

Vanquished Creatures (others)
  An air elemental (Elf:1)
  3 demonic plants (D:4)
  43 fungi
  47 plants
  3 withered plants
97 creatures vanquished.

Grand Total: 708 creatures vanquished

Notes
Turn   | Place    | Note
-------+----------+-------------------------------------------
     0 | D:1      | Pimp the Formicid Venom Mage began the quest for the Orb.
     0 | D:1      | Reached XP level 1. HP: 13/13 MP: 3/3
   174 | D:1      | Reached XP level 2. HP: 20/20 MP: 3/5
   460 | D:1      | Reached XP level 3. HP: 24/25 MP: 6/6
   500 | D:1      | Found a faded altar of an unknown god.
   625 | D:1      | Learned a level 3 spell: Mephitic Cloud
   927 | D:1      | Found Fitz's Book Shoppe.
  1067 | D:2      | Reached skill level 1 in Fighting
  1080 | D:2      | Identified the +2 dagger of Fragile Peace {drain, rN+++
                  | Str+3 Int-3 Dex-3}
  1211 | D:2      | Reached XP level 4. HP: 32/32 MP: 7/7
  1554 | D:2      | Reached skill level 1 in Armour
  2106 | D:3      | Identified 3 scrolls of acquirement
  2106 | D:3      | Acquired 939 gold pieces
  2107 | D:3      | Acquired the +12 pair of quick blades "Gyre" and "Gimble"
                  | {protect}
  2107 | D:3      | Found the +12 pair of quick blades "Gyre" and "Gimble"
                  | {protect}
  2108 | D:3      | Acquired the +18 shield of the Gong {Loud rN+ Will+ rCorr
                  | EV-5}
  2108 | D:3      | Found the +18 shield of the Gong {Loud rN+ Will+ rCorr
                  | EV-5}
  2161 | D:3      | Found Irhayteu's Jewellery Boutique.
  2216 | D:3      | Reached skill level 1 in Shields
  2216 | D:3      | Reached skill level 1 in Unarmed Combat
  2216 | D:3      | Reached XP level 5. HP: 34/37 MP: 8/8
  2647 | D:4      | Noticed a black bear
  2654 | D:4      | Killed a black bear
  2655 | D:4      | Reached skill level 1 in Short Blades
  2655 | D:4      | Reached XP level 6. HP: 42/43 MP: 8/10
  2781 | D:4      | Reached XP level 7. HP: 32/50 MP: 11/11
  3160 | D:4      | Learned a level 4 spell: Olgreb's Toxic Radiance
  3197 | D:4      | Learned a level 3 spell: Ignite Poison
  3252 | D:4      | Found a stormy altar of Qazlal.
  3383 | D:4      | You fall into a shaft and drop 1 floor!
  3383 | D:5      | Entered Level 5 of the Dungeon
  3433 | D:4      | Reached skill level 5 in Poison Magic
  3459 | D:4      | Found an ancient bone altar of Kikubaaqudgha.
  3929 | D:5      | Noticed Blork the orc
  3940 | D:5      | Killed Blork the orc
  3941 | D:5      | Reached XP level 8. HP: 41/57 MP: 12/12
  3955 | D:5      | Noticed a two-headed ogre
  4141 | D:5      | Noticed Pikel
  4149 | D:5      | Killed Pikel
  4160 | D:5      | Killed a two-headed ogre
  4161 | D:5      | Reached skill level 5 in Shields
  4161 | D:5      | Reached XP level 9. HP: 20/64 MP: 13/15
  4387 | D:5      | Found a shimmering blue altar of Sif Muna.
  4971 | D:6      | Found Meitoup's Antique Weapon Emporium.
  5102 | D:6      | Reached skill level 5 in Short Blades
  5418 | D:6      | Found a shadowy altar of Dithmenos.
  5543 | D:6      | Found a staircase to the Ecumenical Temple.
  5782 | D:6      | Reached XP level 10. HP: 56/71 MP: 16/16
  5887 | Temple   | Entered the Ecumenical Temple
  5941 | Temple   | Became a worshipper of Cheibriados the Contemplative
  6052 | D:7      | Found Gecwes's General Store.
  6082 | D:7      | Noticed Menkaure
  6092 | D:7      | Killed Menkaure
  6209 | D:7      | Reached * piety under Cheibriados
  6384 | D:7      | Found a hide-covered altar of Uskayaw.
  6452 | D:7      | Found a bloodstained altar of Trog.
  6636 | D:7      | Found a runed translucent door.
  6637 | D:7      | Noticed Crazy Yiuf
  6643 | D:7      | Killed Crazy Yiuf
  6803 | D:8      | Reached skill level 5 in Spellcasting
  6803 | D:8      | Reached skill level 5 in Transmutations
  6829 | D:8      | Noticed Gastronok
  6844 | D:8      | Killed Gastronok
  6845 | D:8      | Reached skill level 5 in Fighting
  6845 | D:8      | Reached skill level 5 in Armour
  6845 | D:8      | Reached XP level 11. HP: 78/79 MP: 18/18
  7159 | D:8      | Identified the +3 chain mail "Lowkyit" {rElec rN+++ Int-2}
  7561 | D:8      | Acquired the +8 orange crystal plate armour {Archmagi,
                  | Int+3 Clar}
  7561 | D:8      | Found the +8 orange crystal plate armour {Archmagi, Int+3
                  | Clar}
  7600 | D:9      | Found an opulent altar of Gozag.
  7604 | D:9      | Found Gozag's Platinum Reserve.
  7840 | D:9      | Found a staircase to the Orcish Mines.
  7850 | D:9      | Reached skill level 1 in Fire Magic
  8032 | D:9      | Found a hazy altar of Hepliaklqana.
  8157 | D:9      | Found a burning altar of Makhleb.
  8284 | D:10     | Entered Level 10 of the Dungeon
  8284 | D:10     | Found a staircase to the Lair.
  8343 | D:10     | Found a basalt altar of Yredelemnul.
  8360 | D:10     | Reached ** piety under Cheibriados
  8410 | D:10     | Found a hide-covered altar of Uskayaw.
  8411 | D:10     | Found a runed translucent door.
  8419 | D:10     | Noticed a flayed ghost
  8426 | D:10     | Killed a flayed ghost
  8516 | D:10     | Found an iron altar of Okawaru.
  8626 | D:10     | Found a hide-covered altar of Uskayaw.
  8654 | D:10     | Found a sacrificial altar of Ru.
  8665 | D:10     | Found an opulent altar of Gozag.
  8685 | D:10     | Found a snail-covered altar of Cheibriados.
  8721 | D:11     | Noticed a two-headed ogre
  8723 | D:11     | Noticed a boulder beetle
  8732 | D:10     | Killed a two-headed ogre
  8792 | D:11     | Killed a boulder beetle
  8819 | D:11     | Identified the +6 war axe of Tounad {drain, rC+ rN+}
  8874 | D:11     | Noticed a cyclops
  8880 | D:11     | Reached *** piety under Cheibriados
  8891 | D:11     | Noticed a two-headed ogre
  8896 | D:11     | Killed a cyclops
  8905 | D:11     | Killed a two-headed ogre
  8906 | D:11     | Reached skill level 10 in Shields
  8906 | D:11     | Reached XP level 12. HP: 82/87 MP: 21/21
  8929 | D:11     | Found a portal to a secret trove of treasure.
  9419 | D:12     | Noticed a boulder beetle
  9473 | D:12     | Killed a boulder beetle
  9474 | D:12     | Reached skill level 10 in Poison Magic
  9509 | D:12     | Noticed a boulder beetle
  9538 | D:12     | Killed a boulder beetle
  9624 | D:12     | Reached **** piety under Cheibriados
  9768 | D:12     | Reached skill level 5 in Fire Magic
 10098 | D:13     | Noticed a centaur warrior
 10109 | D:13     | Killed a centaur warrior
 10176 | D:13     | Noticed a vault guard
 10205 | D:12     | Killed a vault guard
 10206 | D:12     | Reached XP level 13. HP: 95/95 MP: 24/24
 10209 | D:13     | Noticed a vault guard
 10226 | D:13     | Killed a vault guard
 10241 | D:13     | Noticed a vault guard
 10246 | D:13     | Noticed a vault guard
 10259 | D:13     | Killed a vault guard
 10269 | D:13     | Noticed a vault guard
 10275 | D:13     | Killed a vault guard
 10308 | D:13     | Killed a vault guard
 10308 | D:13     | Reached ***** piety under Cheibriados
 10376 | D:13     | Found a gate to the Vaults.
 10765 | D:13     | Noticed a centaur warrior
 10772 | D:13     | Killed a centaur warrior
 10893 | D:13     | Found a sparkling altar of Nemelex Xobeh.
 10965 | D:14     | Noticed a centaur warrior
 10977 | D:14     | Killed a centaur warrior
 11510 | D:14     | Noticed Lodul
 11528 | D:14     | Killed Lodul
 11544 | D:14     | Reached XP level 14. HP: 96/103 MP: 26/26
 11638 | D:14     | Reached skill level 5 in Dodging
 11665 | D:14     | Reached ****** piety under Cheibriados
 11681 | D:14     | Reached skill level 1 in Conjurations
 12191 | D:15     | Entered Level 15 of the Dungeon
 12291 | Orc:1    | Entered Level 1 of the Orcish Mines
 12313 | Orc:1    | Found Xuyxol's Antique Armour Shoppe.
 12345 | Orc:1    | Bought the +2 pair of slick slippers {slick, slippery,
                  | EV+5} for 892 gold pieces
 12345 | Orc:1    | Found the +2 pair of slick slippers {slick, slippery, EV+5}
 12555 | Orc:1    | Found a bloodstained altar of Trog.
 12645 | Orc:1    | You fall into a shaft and drop 1 floor!
 12645 | Orc:2    | Entered Level 2 of the Orcish Mines
 12901 | Orc:2    | Reached skill level 10 in Armour
 12929 | Orc:2    | Found Idaischi's Magic Scroll Boutique.
 12941 | Orc:2    | Reached XP level 15. HP: 110/110 MP: 4/28
 12945 | Orc:2    | Found Fovvurex's Assorted Antiques.
 12988 | Orc:2    | Found Hamal's Weapon Emporium.
 12992 | Orc:2    | Found Qegoex's Jewellery Shoppe.
 12994 | Orc:2    | Bought a scroll of identify for 22 gold pieces
 12994 | Orc:2    | Bought a scroll of identify for 22 gold pieces
 13006 | Orc:2    | Bought a scroll of fear for 112 gold pieces
 13006 | Orc:2    | Bought a fizzy silvery potion for 25 gold pieces
 13036 | Orc:2    | Found a staircase to the Elven Halls.
 13420 | Elf:1    | Entered Level 1 of the Elven Halls
 13743 | Elf:1    | Noticed Azrael
 13765 | Elf:1    | Killed Azrael
 13796 | Elf:1    | Reached skill level 10 in Spellcasting
 14180 | Lair:1   | Entered Level 1 of the Lair of Beasts
 14327 | Lair:1   | Found a gate leading to a gauntlet.
 14381 | Gauntlet | Entered a Gauntlet
 14381 | Gauntlet | Found a transporter.
 14381 | Gauntlet | Found a transporter.
 14381 | Gauntlet | Found a transporter.
 14382 | Gauntlet | Found a transporter.
 14385 | Gauntlet | Found a transporter.
 14385 | Gauntlet | Found a transporter.
 14400 | Gauntlet | Found a transporter.
 14404 | Gauntlet | Found a transporter.
 14418 | Gauntlet | Found a transporter.
 14424 | Gauntlet | Found a transporter.
 14446 | Gauntlet | Found a transporter.
 14448 | Gauntlet | Found a transporter.
 14776 | Lair:1   | Identified the +4 morningstar of Faoxtyus {freeze, rCorr}
 15442 | Lair:2   | Found a staircase to the Swamp.
 15632 | Lair:2   | Found a hole to the Spider Nest.
 16789 | Lair:3   | Reached XP level 16. HP: 106/118 MP: 30/30
 16987 | Lair:3   | Acquired the +2 pair of boots of the Furies {Str+4}
 18410 | Lair:4   | Found a runed translucent gate.
 18410 | Lair:4   | Found a runed translucent gate.
 18411 | Lair:4   | Found a runed translucent gate.
 18411 | Lair:4   | Noticed Fagh's ghost (journeyman DsCK)
 18458 | Lair:4   | Killed Fagh's ghost
 18703 | Lair:5   | Entered Level 5 of the Lair of Beasts
 19041 | Lair:5   | Found a corrupted altar of Lugonu.
 19045 | Lair:5   | Found a one-way gate to the infinite horrors of the Abyss.
 19148 | Lair:5   | Identified the +4 steam dragon scales of a ziggurat {rN+}
 19354 | Lair:5   | Found a staircase to the Slime Pits.
 19549 | Lair:5   | Reached skill level 10 in Transmutations
 20124 | Slime:1  | Entered Level 1 of the Pits of Slime
 20196 | Slime:1  | Noticed an acid blob
 20243 | Slime:1  | Slain by a slime creature

Illustrated notes

Levels and vault maps discovered:
D:1:      elethiomel_arrival_maze, layout_loops_ring, serial_shops,
          nicolae_lakefront_shop, hellmonk_ecumenical_altar_arch_garden,
          nicolae_concentric_dashed_squares_mild
D:2:      layout_basic
D:3:      layout_basic, serial_shops, nicolae_shop_stone
D:4:      minmay_chambers_of_threes, layout_loops_corners,
          mainiacjoe_overflow_surrounded_room, kiku_gazebo_garden_becter,
          serial_demonic, serial_demonic_c, serial_demonic_b, serial_demonic_e,
          serial_demonic_e, kennysheep_nondescript
D:5:      kennysheep_big_flooded_room, layout_gridville, lemuel_tele_altar,
          uniq_pikel, uniq_blork_the_orc
D:6:      layout_cave_pods, mainiacjoe_overflow_tiny_flanked,
          minmay_temple_entry_proselytizer, serial_shops, nicolae_stop_n_shop_2,
          nrook_mini_vaults
D:7:      layout_loops_ring, chequers_temple_overflow_statue_of_worship,
          serial_shops, nicolae_square_shop, uniq_menkaure,
          uniq_crazy_yiuf_cottage
D:8:      layout_basic, uniq_gastronok
D:9:      layout_basic, lightli_temple_of_fire, kennysheep_mini_moat,
          nicolae_gozag_zags_fifth_avenue, serial_aquarium,
          aquarium_bridge_square [aquarium_subvault_bridge,
          aquarium_subvault_bridge, aquarium_subvault_window,
          aquarium_subvault_balcony], aquarium_bridge_square
          [aquarium_subvault_wall, aquarium_subvault_balcony,
          aquarium_subvault_bridge, aquarium_subvault_bridge],
          aquarium_window_corridor_3, aquarium_window_2, aquarium_window_1,
          aquarium_window_fake, aquarium_view_2d, aquarium_pool_2
D:10:     due_megacathedral, layout_cross, old_standard_altar
D:11:     layout_layer_cave, nicolae_trove_entry_free_sample
D:12:     layout_loops_ring
D:13:     layout_loops_cross, ximxim_vaults_locker_room,
          nemelex_lonely_heart_becter
D:14:     layout_roguey [special_room_mythical_zoo], serial_corexii_hall,
          chequers_hall_statues_corner_a, chequers_hall_statues_corner_a,
          corexii_hall_statues_x, chequers_hall_statues_corner_a,
          corexii_hall_statues_u, corexii_hall_statues_s, uniq_lodul
D:15:     gammafunk_depths_entry_grave, layout_loops_ring, good_gods_temple_1
Temple:   minmay_temple_bridge_abc
Lair:1:   layout_long_grid, gauntlet_entry_generic, beast_lair_carwin_6,
          infiniplex_staircase_pool, serial_bayou_shore_a
Lair:2:   layout_layer_cave, swamp_mist_pool, spider_nest_entry_web_field,
          serial_bayou_shore_b, lemuel_fruit_fields
Lair:3:   layout_loops_ring
Lair:4:   layout_cave_pods, gammafunk_ghost_hydra_chop, minivault_27
Lair:5:   hellmonk_lair_end_abyssal_woods, layout_misc_corridors,
          nicolae_slime_entry_field_trip, st_stairs_10
Slime:1:  nicolae_slime_infinislime, layout_caves
Orc:1:    layout_caves, serial_shops, shop, basic_altar
Orc:2:    st_orc_open, layout_diamond_mine
Elf:1:    minmay_elf_arrival_circle, layout_loops_corners, serial_shops,
          nicolae_shop_waterfront, evilmike_minifort, grunt_ministairs_6,
          minmay_shop_grove, uniq_azrael

Skill      XL: |  1  2  3  4  5  6  7  8  9 10 11 12 13 14 15 16 |
---------------+-------------------------------------------------+-----
Dodging        | 2 3 4 5 6 7 |  7.7
Fighting       | 1 2 3 4 5 6 7 8 |  8.9
Stealth        | 3 |  3.0
Armour         | 1 2 3 4 5 6 8 9 10 11 | 11.7
Shields        | 1 2 3 5 6 8 10 11 12 13 14 | 14.8
Unarmed Combat | 1 2 3 4 |  4.6
Short Blades   | 1 2 4 5 6 |  6.4
Transmutations | 2 3 4 5 7 8 9 10 | 10.0
Spellcasting   | 3 4 5 6 7 8 9 10 11 | 11.0
Poison Magic   | 5 6 7 9 10 11 12 13 14 | 14.3
Fire Magic     | 3 5 6 7 8 9 |  9.3
Conjurations   | 2 3 |  3.9

Action                     |  1- 3 |  4- 6 |  7- 9 | 10-12 | 13-15 | 16-18 || total
---------------------------+-------+-------+-------+-------+-------+-------++-------
  Melee: Trident           |    63 |    18 |       |       |       |       ||    81
         Unarmed           |     1 |       |       |       |       |       ||     1
         Pair of quick bla |       |    62 |   105 |   464 |   739 |   379 ||  1749
         Punch             |       |     2 |       |       |       |       ||     2
   Cast: Sting             |    19 |       |       |       |       |       ||    19
         Olgreb's Toxic Ra |       |       |       |       |    39 |    20 ||    59
         Ignite Poison     |       |       |       |       |    26 |    16 ||    42
  Evoke: Wand              |       |       |       |     5 |     2 |       ||     7
    Use: Potion            |     1 |       |       |       |     3 |    12 ||    16
         Scroll            |       |     8 |       |     6 |    12 |     4 ||    30
   Stab: Sleeping          |     1 |       |     2 |       |       |       ||     3
         Distracted        |       |     1 |     1 |       |       |       ||     2
         Invisible         |       |       |       |       |     1 |     6 ||     7
 Armour: Robe              |    15 |       |       |       |       |       ||    15
         Leather armour    |     2 |     4 |     2 |       |       |       ||     8
         Scale mail        |       |       |       |    10 |       |       ||    10
         Crystal plate arm |       |       |       |    71 |   133 |   111 ||   315
  Dodge: Dodged            |    80 |    14 |     6 |    20 |    98 |    75 ||   293
  Block: Kite shield       |       |    48 |    63 |   388 |   704 |   445 ||  1648

Table legend: (Time is in decaauts)
 A = Elapsed time spent in this place.
 B = Non-inter-level travel time spent in this place.
 C = Inter-level travel time spent in this place.
 D = Time resting spent in this place.
 E = Time spent auto-exploring this place.
 F = Levels seen in this place.
 G = Mean time per level.
                   A        B        C        D        E       F      G
               +--------+--------+--------+--------+--------+-----+--------+
         Total |  28249 |  26062 |   2187 |    902 |  20185 |  26 | 1086.5 |
       Dungeon |  14518 |  13546 |    972 |    374 |  10593 |  15 |  967.9 |
        Temple |     83 |     55 |     28 |      0 |     42 |   1 |   83.0 |
          Lair |   9965 |   9131 |    834 |    257 |   7546 |   5 | 1993.0 |
    Slime Pits |    134 |    134 |      0 |      0 |     38 |   1 |  134.0 |
  Orcish Mines |   2168 |   1928 |    240 |      0 |   1597 |   2 | 1084.0 |
   Elven Halls |    940 |    828 |    112 |    211 |    369 |   1 |  940.0 |
      Gauntlet |    438 |    438 |      0 |     60 |      0 |   1 |  438.0 |
               +--------+--------+--------+--------+--------+-----+--------+

Top non-repeatable levels by time:
  Lair:2: 2391 daAuts
  Lair:5: 2267 daAuts
  Lair:4: 2089 daAuts
  Lair:1: 1726 daAuts
    D:14: 1580 daAuts
    D:13: 1535 daAuts
  Lair:3: 1490 daAuts
     D:4: 1288 daAuts
   Orc:2: 1274 daAuts
     D:8: 1132 daAuts
     D:2: 1081 daAuts
     D:5: 1053 daAuts
     D:1: 1034 daAuts
    D:12: 1029 daAuts
     D:9: 978 daAuts
